 Dungeon Crawl Stone Soup version 0.28.0-53-g5a82cb258f (webtiles) character file.

Game seed: 7570258803128218453

19140 cbfl8 the Protected (level 12, -11/159 HPs)
             Began as a Minotaur Berserker on July 12, 2022.
             Was a Priest of Trog.
             Killed from afar by a wretched star (17 damage)
             ... with a lance of force
             ... on level 3 of the Abyss.
             The game lasted 00:37:13 (20637 turns).

cbfl8 the Protected (Minotaur Berserker)           Turns: 20637, Time: 00:37:14

Health: -11/159    AC: 18    Str: 22    XL:     12   Next: 33%
Magic:  11/11      EV: 15    Int: 10    God:    Trog [***...]
Gold:   533        SH: 14    Dex: 24    Spells: 11/11 levels left

rFire   x . .      SeeInvis .   G - +1 spear (venom)
rCold   . . .      Faith    .   B - +0 kite shield "Ommypp" {Rampage rF- rCorr Int+6}
rNeg    . . .      Spirit   .   C - +9 scale mail "Ilezer" {rPois Dex+3 Stlth+}
rPois   +          Reflect  .   (helmet restricted)
rElec   .          Harm     .   e - +0 cloak
rCorr   +          Rampage  +   g - +0 pair of gloves
Will    .....                   (no boots)
Stlth   ..........              (no amulet)
HPRegen 0.36/turn               s - ring of flight
MPRegen 0.12/turn               E - +6 ring of dexterity

@: berserking, about to teleport, flying, studying Translocations, very quick
A: horns 2, retaliatory headbutt, [deformed body]
a: Renounce Religion, Berserk, Trog's Hand


You were on level 3 of the Abyss.
You worshipped Trog.
Trog was most pleased with you.
You visited 3 branches of the dungeon, and saw 14 of its levels.
You visited the Abyss 2 times.
You also visited: Sewer, Bailey and Volcano.

You collected 728 gold pieces.
You spent 195 gold pieces at shops.

Inventory:

Hand Weapons
 G - a +1 spear of venom (weapon)
 J - the +7 shortbow "Noadu" {vorpal, Int+4}
   (You found it on level 10 of the Dungeon)

   Any ammunition fired from it inflicts extra damage upon your enemies.
   Int:       It affects your intelligence (+4).
 K - a +4 dire flail of freezing
 L - a +4 battleaxe
Missiles
 M - 2 throwing nets (quivered)
 X - 204 arrows
Armour
 e - a +0 cloak (worn)
 g - a +0 pair of gloves (worn)
 i - the +4 moon troll leather armour {Spirit, Regen++ MP+5}
   (You took it off a centaur warrior on level 10 of the Dungeon)

   MP:        It affects your magic capacity (+5).
   Regen:     It increases your rate of health regeneration.
 B - the +0 kite shield "Ommypp" (worn) {Rampage rF- rCorr Int+6}
   (You took it off a gnoll sergeant on level 4 of the Dungeon)

   Int:       It affects your intelligence (+6).
   rF:        It makes you vulnerable to fire.
   rCorr:     It protects you from acid and corrosion.
   Rampage:   It bestows one free step when moving towards enemies.
 C - the +9 scale mail "Ilezer" (worn) {rPois Dex+3 Stlth+}
   (You took it off a gnoll sergeant on level 4 of the Dungeon)

   Dex:       It affects your dexterity (+3).
   rPois:     It protects you from poison.
   Stlth:     It makes you more stealthy.
Jewellery
 m - a ring of positive energy
 s - a ring of flight (left hand)
 E - a +6 ring of dexterity (right hand)
 S - a ring of resist corrosion
 U - a +4 ring of protection
 V - an amulet of reflection
Wands
 D - a wand of acid (6)
 F - a wand of polymorph (6)
 H - a wand of iceblast (15)
 I - a wand of mindburst (15)
 T - a wand of charming (5)
Scrolls
 b - 2 scrolls of immolation {unknown}
 c - a scroll of summoning
 h - a scroll of silence {unknown}
 j - 2 scrolls of fog
 n - 4 scrolls of enchant weapon
 o - a scroll of acquirement
 q - a scroll of teleportation
 u - a scroll of fear
 x - a scroll of magic mapping
 y - 3 scrolls of vulnerability
 A - 2 scrolls of brand weapon
 N - 2 scrolls of enchant armour {unknown}
 R - a scroll of torment {unknown}
Potions
 a - a potion of lignification {unknown}
 d - a potion of might
 f - a potion of flight {unknown}
 k - 8 potions of curing
 r - 2 potions of attraction {unknown}
 t - 3 potions of resistance
 v - 2 potions of invisibility {unknown}
 w - a potion of magic {unknown}
 z - a potion of mutation {unknown}
 O - a potion of experience {unknown}
 P - 2 potions of brilliance {unknown}
Miscellaneous
 Q - a tin of tremorstones (2/2)


   Skills:
 + Level 10.0 Fighting
 + Level 9.5(11.5) Axes
 - Level 10.4(12.0) Polearms
 + Level 11.1 Armour
 + Level 7.8 Dodging
 + Level 4.8 Stealth
 + Level 10.8 Shields


You had 11 spell levels left.
You didn't know any spells.
Your spell library contained the following spells:

 Spells                   Type           Power      Damage    Failure   Level
 Shock                    Conj/Air       0%         1d3       87%         1
 Blink                    Tloc           0%         N/A       95%         2
 Ignite Poison            Fire/Tmut/Pois 0%         N/A       99%         3
 Lesser Beckoning         Tloc           0%         N/A       99%         3
 Mephitic Cloud           Conj/Pois/Air  0%         N/A       99%         3
 Swiftness                Air            0%         N/A       99%         3
 Airstrike                Air            0%         N/A       100%        4
 Freezing Cloud           Conj/Ice/Air   0%         6-21      100%        5
 Manifold Assault         Tloc           0%         N/A       100%        5


Dungeon Overview and Level Annotations

Branches:
Dungeon (11/15)            Temple (1/1) D:6            Lair (2/6) D:11
  Snake (0/4) Lair:2          Orc (0/2) D:11          Sewer (visited)
 Bailey (visited)         Volcano (visited)
  Swamp: Lair:2-4    Shoals: Lair:2-4

Altars:
Ashenzari
Cheibriados
Dithmenos
Elyvilon
Fedhas
Gozag
Hepliaklqana
Kikubaaqudgha
Makhleb
Nemelex Xobeh
Okawaru
Qazlal
Ru
Sif Muna
Trog
Uskayaw
Vehumet
Wu Jian
Xom
Yredelemnul
Zin
The Shining One

Shops:
D:6 *=!

Annotations:
D:8 2 transporters, exclusion: oklob plant, pesado's ghost, novice HOMo


Innate Abilities, Weirdness & Mutations

You have a pair of horns on your head.
You reflexively headbutt those who attack you in melee.
[Armour fits poorly on your strangely shaped body.]


Message History

A wretched star comes into view.
You miss the Executioner.
The Executioner is severely wounded.
The thrashing horror tramples you but does no damage.
The thrashing horror closely misses you.
You block the Executioner's attack. The Executioner closely misses you.
You block the Executioner's attack.
Unknown command.
You puncture the Executioner! Your headbutt misses the Executioner.
The Executioner is almost dead.
You block the thrashing horror's attack.
The thrashing horror closely misses you.
The Executioner closely misses you. You furiously retaliate!
You headbutt the Executioner!
You feel the power of Trog in you as your rage grows.
You kill the Executioner!
That felt strangely unrewarding.
Something hits you!
* * * LOW HITPOINT WARNING * * *
You rampage towards the anaconda!
A ynoxinul comes into view.
You closely miss the anaconda.
The substance of the Abyss twists violently, and a gateway leading out appears!
The thrashing horror roars!
The ynoxinul bellows!
The hell hog squeals angrily.
You hear a bark! x2
You block the thrashing horror's attack.
The thrashing horror barely misses you. Something closely misses you.
You block the anaconda's attack. The anaconda bites you.
* * * LOW HITPOINT WARNING * * *
The white imp laughs crazily.
A tentacled starspawn comes into view.
You are too berserk!
You are too berserk!
You hit the thrashing horror.
The thrashing horror is severely damaged.
The thrashing horror closely misses you.
You block the thrashing horror's attack.
Something barely misses you. You block something's attack.
The wretched star glows turbulently.
The lance of force hits you!
You die...

# ..# # # ##
...# #....#
..#### #
....#....## ##
.#
###..#...#..#
## #..... ..#.#
#...5X##...#
##..5XX5..#.#.
##.X2{S*.3.....
#*xh2X@# .....
#..h5G3##{.#
.... #
##X#.###### . .
#..x.. .# .#. )
. # . # .# #. $
.#. . #. )? #.
. .. ### #


You could see a tentacled starspawn, a wretched star, an anaconda, 2 hell hogs,
2 shadow demons, 4 thrashing horrors, a large abomination (summoned), 2
ynoxinuls, a small abomination (summoned), a floating eye, a white imp
(summoned), 3 ufetubi and a lurking horror.

Vanquished Creatures
  An Executioner (Abyss:3)
  2 vault guards (Bailey)
  A hydra (Lair:1)
  A two-headed ogre (D:9)
  A centaur warrior (D:10)
  Sonja (D:10)
  Pikel (D:7)
  2 ugly things (D:10)
  A cyclops (D:11)
  2 toenail golems (Volcano)
  A kobold demonologist (D:11)
  A komodo dragon (Lair:2)
  2 trolls
  3 shadows
  A wraith (D:11)
  14 yaks
  Eustachio (D:4)
  A vampire (D:10)
  A wyvern (D:10)
  A basilisk (D:11)
  4 humans (Bailey)
  A neqoxec (Abyss:3)
  4 steam dragons
  2 water moccasins
  4 orc warriors
  A black bear (D:11)
  2 ice beasts
  2 ogres
  A sky beast (D:6)
  2 necrophages
  10 centaurs
  2 lemures (D:6)
  2 phantoms (D:11)
  8 kobold brigands
  3 scorpions
  12 bullfrogs
  A water moccasin zombie (D:7)
  A water moccasin skeleton (D:4)
  4 killer bees (D:9)
  A troll zombie (D:11)
  4 wights (D:7)
  9 howler monkeys
  4 jellies
  A bullfrog zombie (D:7)
  4 centaur zombies
  4 hounds
  A human zombie (D:7)
  3 orc priests
  A gnoll shaman (D:8)
  2 bullfrog skeletons
  A centaur skeleton (D:5)
  An iguana (D:5)
  Natasha (thrice) (D:3)
  4 orc wizards
  3 killer bee zombies (D:7)
  5 ogre zombies (D:11)
  A mummy (D:7)
  Robin (D:3)
  6 gnolls
  2 howler monkey zombies
  8 adders
  6 river rats
  3 shadow imps
  A white imp (D:6)
  An ufetubus (D:6)
  10 worms
  2 dart slugs (D:2)
  18 orcs
  9 ball pythons
  13 endoplasms
  6 giant cockroaches
  17 goblins
  13 hobgoblins
  6 jackals
  5 quokkas
  6 bats (D:1)
  A frilled lizard (D:2)
  A goblin skeleton (D:11)
  5 goblin zombies (D:11)
  A hobgoblin zombie (D:11)
  20 kobolds
  2 orc skeletons (D:11)
  10 orc zombies (D:11)
  13 rats
343 creatures vanquished.

Vanquished Creatures (collateral kills)
  A lich (Abyss:3)
  An Executioner (Abyss:3)
  2 wretched stars (Abyss:3)
  A glowing orange brain (Abyss:3)
  A wizard (Volcano)
  A deep elf pyromancer (D:10)
  A toenail golem (Volcano)
  The ghost of turdburglar the Bolt Thrower, a novice HuAM (D:4)
  A large abomination (Abyss:3)
  Prince Ribbit (Bailey)
  A ynoxinul (Abyss:3)
  3 starcursed masses (Abyss:3)
  A water moccasin (D:7)
  An ice beast (D:5)
  An orc warrior (D:7)
  A gnoll sergeant (D:4)
  7 gnolls (D:4)
  An orc (D:7)
27 creatures vanquished.

Vanquished Creatures (others)
  9 fungi
  7 plants
16 creatures vanquished.

Grand Total: 386 creatures vanquished

Notes
Turn   | Place    | Note
-------+----------+-------------------------------------------
     0 | D:1      | cbfl8 the Minotaur Berserker began the quest for the Orb.
     0 | D:1      | Reached XP level 1. HP: 19/19 MP: 0/0
   378 | D:1      | Reached XP level 2. HP: 26/27 MP: 1/1
   855 | D:1      | Reached ** piety under Trog
   969 | D:1      | Reached XP level 3. HP: 32/33 MP: 2/2
  1183 | D:2      | Found a faded altar of an unknown god.
  2140 | D:2      | Reached skill level 3 in Armour
  2431 | D:2      | Reached XP level 4. HP: 41/41 MP: 3/3
  3254 | D:3      | Noticed Natasha
  3254 | D:3      | Noticed Robin
  3272 | D:3      | Killed Robin
  3275 | D:3      | Killed Natasha
  3276 | D:3      | Reached skill level 4 in Armour
  3276 | D:3      | Reached XP level 5. HP: 47/47 MP: 4/4
  3286 | D:3      | Reached *** piety under Trog
  3327 | D:3      | Noticed Natasha
  3344 | D:3      | Killed Natasha
  3345 | D:3      | Reached skill level 5 in Axes
  3457 | D:3      | Noticed Natasha
  3469 | D:3      | Killed Natasha
  3935 | D:4      | Found a transporter.
  4408 | D:4      | Reached XP level 6. HP: 45/53 MP: 5/5
  4457 | D:4      | Noticed Eustachio
  4467 | D:4      | Killed Eustachio
  4468 | D:4      | Reached skill level 5 in Armour
  5224 | D:4      | You fall into a shaft and drop 2 floors!
  5235 | D:6      | Reached skill level 5 in Fighting
  5235 | D:6      | Reached XP level 7. HP: 40/61 MP: 6/6
  5445 | D:6      | Found a staircase to the Ecumenical Temple.
  5467 | D:6      | Reached skill level 1 in Stealth
  5642 | D:6      | Found a glowing drain.
  5649 | Sewer    | Entered a sewer
  5845 | Sewer    | Reached skill level 6 in Armour
  6365 | Sewer    | Reached **** piety under Trog
  6491 | Sewer    | Reached XP level 8. HP: 65/70 MP: 7/7
  6612 | D:5      | Entered Level 5 of the Dungeon
  6820 | D:4      | Found a transporter.
  6844 | D:4      | Noticed turdburglar's ghost (novice HuAM)
  6869 | D:4      | Identified the +9 scale mail "Ilezer" {rPois Dex+3 Stlth+}
  6869 | D:4      | Identified the +0 kite shield "Ommypp" {Rampage rF- rCorr
                  | Int+6}
  7121 | D:4      | Reached skill level 7 in Armour
  7128 | D:4      | HP: 3/70 [turdburglar's ghost (12)]
  7129 | D:4      | Killed turdburglar's ghost
  7829 | D:5      | Reached skill level 8 in Armour
  8027 | D:5      | Reached skill level 1 in Polearms
  8027 | D:5      | Reached XP level 9. HP: 57/78 MP: 8/8
  8363 | D:5      | Reached skill level 1 in Shields
  8748 | D:6      | Found Pionlo Sups's Assorted Antiques.
  8758 | D:6      | Bought a shiny lead wand for 68 gold pieces
  8758 | D:6      | Bought a bronze wand for 68 gold pieces
  8758 | D:6      | Bought an emerald potion for 15 gold pieces
  8807 | D:6      | Found Muixil's Distillery.
  8812 | D:6      | Bought a potion of might for 44 gold pieces
  8904 | D:6      | Found Imilodov's Jewellery Emporium.
  8976 | Temple   | Entered the Ecumenical Temple
  9646 | D:7      | Noticed Pikel
  9666 | D:7      | Killed Pikel
  9667 | D:7      | Reached skill level 5 in Dodging
 10103 | D:7      | Reached skill level 5 in Polearms
 10972 | D:7      | Reached XP level 10. HP: 86/86 MP: 9/9
 10993 | D:7      | Found a basalt altar of Yredelemnul.
 11393 | D:8      | Found a transporter.
 11395 | D:8      | Identified a scroll of acquirement
 11401 | D:8      | Noticed an oklob plant
 11410 | D:8      | Found a flagged portal.
 11426 | Bailey   | Entered a bailey
 11468 | Bailey   | Reached skill level 9 in Armour
 11857 | Bailey   | Reached skill level 5 in Shields
 11954 | Bailey   | Noticed a vault guard
 11968 | Bailey   | Killed a vault guard
 12524 | Bailey   | Noticed a vault guard
 12524 | Bailey   | Noticed Prince Ribbit
 12540 | Bailey   | Killed Prince Ribbit
 12543 | Bailey   | Killed a vault guard
 12828 | D:8      | Noticed pesado's ghost (novice HOMo)
 12828 | D:8      | Noticed a boulder beetle
 13116 | D:8      | Noticed a deep elf pyromancer
 13136 | D:8      | Found a transporter.
 13220 | D:8      | Reached XP level 11. HP: 74/95 MP: 10/10
 14278 | D:9      | Noticed a two-headed ogre
 14289 | D:9      | Killed a two-headed ogre
 15254 | D:10     | Entered Level 10 of the Dungeon
 15396 | D:10     | Noticed Sonja
 15431 | D:10     | Noticed a deep elf pyromancer
 15432 | D:10     | Noticed a centaur warrior
 15582 | D:10     | Cast into level 1 of the Abyss (Sonja)
 15633 | D:10     | Escaped the Abyss
 15639 | D:10     | Killed Sonja
 15640 | D:10     | Reached skill level 10 in Polearms
 15892 | D:10     | Killed a centaur warrior
 15893 | D:10     | Reached skill level 10 in Armour
 16679 | D:10     | Noticed a brown ugly thing
 16688 | D:10     | Killed a brown ugly thing
 16694 | D:10     | Identified the +7 shortbow "Noadu" {vorpal, Int+4}
 17175 | D:10     | Killed a deep elf pyromancer
 17492 | D:10     | Noticed a brown ugly thing
 17504 | D:10     | Killed a brown ugly thing
 18030 | D:11     | Found a staircase to the Orcish Mines.
 18221 | D:11     | Found a stormy altar of Qazlal.
 18592 | D:11     | Reached ***** piety under Trog
 18765 | D:11     | Reached XP level 12. HP: 101/105 MP: 11/11
 18976 | D:11     | Reached skill level 10 in Shields
 19087 | D:11     | Found a staircase to the Lair.
 19122 | Lair:1   | Entered Level 1 of the Lair of Beasts
 19193 | Lair:1   | Noticed a four-headed hydra
 19205 | Lair:1   | Killed a four-headed hydra
 20264 | Lair:2   | Found a dark tunnel.
 20276 | Volcano  | Entered a volcano
 20286 | Volcano  | Reached skill level 10 in Fighting
 20286 | Volcano  | Reached skill level 11 in Armour
 20465 | Volcano  | Cast into level 3 of the Abyss (a wizard)
 20501 | Abyss:3  | Noticed a starcursed mass
 20507 | Abyss:3  | Noticed a tentacled starspawn
 20543 | Abyss:3  | Noticed a lich
 20545 | Abyss:3  | Noticed an Executioner
 20545 | Abyss:3  | Killed a lich
 20549 | Abyss:3  | Killed an Executioner
 20589 | Abyss:3  | Noticed a starcursed mass
 20601 | Abyss:3  | Noticed a blizzard demon
 20611 | Abyss:3  | Noticed an anaconda
 20619 | Abyss:3  | Noticed an Executioner
 20629 | Abyss:3  | Noticed a hell hog
 20635 | Abyss:3  | Killed an Executioner
 20636 | Abyss:3  | Noticed a hell hog
 20636 | Abyss:3  | HP: 6/159 [anaconda (shapeshifter) (6)]
 20636 | Abyss:3  | Noticed a tentacled starspawn
 20637 | Abyss:3  | Noticed a hell hog
 20637 | Abyss:3  | Killed from afar by a wretched star

Illustrated notes

Levels and vault maps discovered:
D:1:      lemuel_arrival_tunnels, layout_basic
D:2:      layout_loops_cross, dreamdust_ecumenical_altar_grove
D:3:      layout_basic, chequers_serial_rivers_micro_b, grunt_decor_cap,
          nrook_mini_backslash, uniq_robin, uniq_natasha
D:4:      layout_loops_cross, gammafunk_ghost_gnarly_gnolls, hex_large,
          uniq_eustachio
D:5:      layout_basic
D:6:      layout_cave_pools, minmay_temple_entry_hall, serial_shops, shop,
          nicolae_shop_overgrown_old_shop, shop, gup_sewer_entry_bubbles
D:7:      layout_cave_pods, lemuel_mausoleum_altar_yredelemnul, uniq_pikel
D:8:      layout_basic, enter_bailey_3, nzn_ghost_randoct
D:9:      layout_roguey
D:10:     minmay_tri_box, layout_cave_pods, uniq_sonja
D:11:     layout_roguey, grunt_lair_entry_orc_guard_hut, zombieorc1_lemuel,
          grunt_qazlal_sundering
Temple:   dpeg_three_leaves_temple
Lair:1:   layout_cave_pods
Lair:2:   layout_long_grid, minmay_snake_entry_guardpost_medium,
          nicolae_volcano_entry_two_sided, bobbens_dragon_lair_wall,
          lemuel_fruit_tree, grunt_megastairs_4, uniq_nergalle
Abyss:3:  base: D:1, hangedman_abyss_rune_flesh_and_stone, minivault_4,
          hangedman_classic_abyss_death, hangedman_classic_abyss_death,
          evilmike_abyss_rune_tso_outpost, hangedman_shadowy_showcase
Volcano:  volcano_bunker

Skill      XL: |  1  2  3  4  5  6  7  8  9 10 11 12 |
---------------+-------------------------------------+-----
Fighting       | 4 5 6 7 8 9 10 | 10.0
Axes           | 4 5 6 8 9 |  9.5
Armour         | 3 4 5 6 8 9 10 11 | 11.1
Dodging        | 3 4 5 6 7 |  7.8
Stealth        | 1 2 3 4 |  4.8
Polearms       | 1 6 8 10 | 10.4
Shields        | 4 6 9 10 | 10.8

Action                   |  1- 3 |  4- 6 |  7- 9 | 10-12 || total
-------------------------+-------+-------+-------+-------++-------
Melee: Hand axe          |   121 |   134 |   169 |       ||   424
       Headbutt          |    11 |    23 |    90 |   224 ||   348
       Punch             |       |       |     3 |       ||     3
       Spear             |       |       |   202 |   708 ||   910
Invok: Trog's Hand       |       |     1 |     1 |     3 ||     5
       Berserk           |       |     2 |     2 |     9 ||    13
       Brothers in Arms  |       |       |     3 |     7 ||    10
Evoke: Wand              |       |       |       |     1 ||     1
  Use: Scroll            |       |       |    10 |    11 ||    21
       Potion            |       |       |       |     4 ||     4
 Stab: Sleeping          |       |       |     6 |    15 ||    21
       Distracted        |       |       |       |     1 ||     1
Armor: Animal skin       |     2 |       |       |       ||     2
       Ring mail         |    36 |    63 |    35 |       ||   134
       Scale mail        |       |       |    98 |   256 ||   354
Dodge: Dodged            |    72 |    68 |   148 |   287 ||   575
Block: Kite shield       |       |       |    88 |   404 ||   492
